 Dungeon Crawl Stone Soup version 0.28-a0-938-gbc3f381ebc (webtiles) character file.

Game seed: 14789426609351473787

16 horus123 the Ducker (level 2, -2/22 HPs)
             Began as a Human Gladiator on Nov 29, 2021.
             Frozen to death by an endoplasm (5 damage)
             ... on level 1 of the Dungeon.
             The game lasted 00:01:02 (428 turns).

horus123 the Ducker (Human Gladiator)                Turns: 428, Time: 00:01:02

Health: -2/22      AC:  7    Str: 14    XL:     2   Next: 70%
Magic:  2/2        EV:  5    Int:  8    God:
Gold:   17         SH: 11    Dex: 14    Spells: 1/1 levels left

rFire   . . .      SeeInvis .   a - +0 long sword
rCold   . . .      Faith    .   g - +0 tower shield
rNeg    . . .      Spirit   .   f - +0 scale mail
rPois   .          Reflect  .   c - +0 helmet
rElec   .          Harm     .   (no cloak)
rCorr   .          Rampage  .   (no gloves)
Will    .....                   (no boots)
Stlth   ..........              (no amulet)
HPRegen 0.07/turn               (no ring)
MPRegen 0.08/turn               (no ring)

@: no status effects
A: no striking features
a: no special abilities


You were on level 1 of the Dungeon.
You visited 1 branch of the dungeon, and saw 1 of its levels.

You collected 17 gold pieces.

Inventory:

Hand Weapons
 a - a +0 long sword (weapon)
Missiles
 d - 3 throwing nets
 e - 10 poisoned darts (quivered)
Armour
 b - a +0 leather armour
 c - a +0 helmet (worn)
 f - a +0 scale mail (worn)
 g - a +0 tower shield (worn)


   Skills:
 - Level 2.0 Fighting
 - Level 3.2 Long Blades
 - Level 2.0 Throwing
 - Level 0.3 Armour
 - Level 3.2 Dodging
 + Level 1.0 Shields


You had one spell level left.
You didn't know any spells.
Your spell library was empty.

Dungeon Overview and Level Annotations

Branches:
Dungeon (1/15)

Altars:


Message History

The endoplasm jiggles.
The endoplasm hits you but does no damage.
You hit the endoplasm.
The endoplasm is almost dead.
The goblin hits you but does no damage. You block the endoplasm's attack.
You block the goblin's attack.
You barely miss the endoplasm.
The endoplasm is almost dead.
The endoplasm freezes you.
You are frozen.
The goblin hits you with a +0 club.
* * * LOW HITPOINT WARNING * * *
The endoplasm freezes you.
You are frozen.
* * * LOW HITPOINT WARNING * * *
You are too injured to fight recklessly!
You are too injured to fight recklessly!
A dart slug comes into view.
You block the goblin's attack.
The dart slug bites you but does no damage.
You hit the dart slug.
The dart slug is lightly wounded.
You block the goblin's attack. The dart slug launches a dart at you.
The slug dart misses you. You block the goblin's attack.
You hit the dart slug.
The dart slug is heavily wounded.
The endoplasm jiggles.
You block the goblin's attack. You block the dart slug's attack.
The goblin hits you but does no damage.
You slash the dart slug!
You kill the dart slug!
You block the goblin's attack.
Your Shields skill increases to level 1!
Found 14 sling bullets.
You closely miss the goblin. You block the goblin's attack. x2
You slash the goblin!
You kill the goblin!
The endoplasm freezes you.
You are frozen.
You die...

#>.. ### .#.###
.....)
#.#.#.#######
..#####..
#......#
........##
##.###.# #.
#..###.## #.#
.##..####.#.#.##
#.#
(......@J.##.##
#.#
###..#######..#
#.# # ##.# #.#
.# #.# .# #.# .#
#.# .# #.# ##
#.# #.#


You could see an endoplasm.

Vanquished Creatures
  2 dart slugs (D:1)
  An endoplasm (D:1)
  2 giant cockroaches (D:1)
  3 goblins (D:1)
  A quokka (D:1)
  2 bats (D:1)
  A kobold (D:1)
12 creatures vanquished.

Notes
Turn   | Place    | Note
-------+----------+-------------------------------------------
     0 | D:1      | horus123 the Human Gladiator began the quest for the Orb.
     0 | D:1      | Reached XP level 1. HP: 16/16 MP: 1/1
   171 | D:1      | Reached XP level 2. HP: 22/22 MP: 2/2
   426 | D:1      | Reached skill level 1 in Shields
   428 | D:1      | Frozen to death by an endoplasm

Illustrated notes

Levels and vault maps discovered:
D:1:      dpeg_arrival_round_b, layout_loops_ring,
          dilly_ecumenical_altar_fadedgnrine

Skill      XL: |  1  2 |
---------------+-------+-----
Shields        | 1 |  1.0
Fighting       | |  2.0
Long Blades    | |  3.2
Throwing       | |  2.0
Armour         | |  0.3
Dodging        | |  3.2

Action                   || total
-------------------------++-------
Melee: Long sword        ||    30
Throw: Dart              ||     5
  Use: Scroll            ||     1
Armor: Leather armour    ||     8
       Scale mail        ||    13
Dodge: Dodged            ||    28
Block: Tower shield      ||    14

Table legend: (Time is in decaauts)
 A = Elapsed time spent in this place.
 B = Non-inter-level travel time spent in this place.
 C = Inter-level travel time spent in this place.
 D = Time resting spent in this place.
 E = Time spent auto-exploring this place.
 F = Levels seen in this place.
 G = Mean time per level.
                   A        B        C        D        E       F      G
               +--------+--------+--------+--------+--------+-----+--------+
         Total |    441 |    441 |      0 |      0 |    287 |   1 |  441.0 |
       Dungeon |    441 |    441 |      0 |      0 |    287 |   1 |  441.0 |
               +--------+--------+--------+--------+--------+-----+--------+

Top non-repeatable levels by time:
     D:1: 441 daAuts
